Map: Bridgehead LE (Void)

Players

Moxx - Winner!

  • Race: Zerg Zerg
  • League: Bronze

SticklerMac

  • Race: Zerg Zerg
  • League: Silver

VOD

Have the link to the VOD?

Description

Time

  • Played on: Aug. 23, 2015, 11:11 a.m.
  • Length: 11:15
Show
View Real Time Build Order
Export as new Build Order

Moxx Zerg - Winner!

Build Orders: Pool First 

Get SALT Encoding   

  12  0:01  Drone  
  13  0:08  Drone  
  14  0:17  Overlord  
  14  0:24  Extractor x2  
  14  0:25  Drone  
  13  0:29  Drone  
  16  0:40  Drone  
  17  0:44  Drone  
  17  0:46  Extractor  
  17  0:54  Spawning Pool  
  17  0:56  Drone  
  17  1:10  Drone  
  18  1:17  Drone  
  19  1:27  Overlord  
  19  1:42  Queen  
  19  1:43  Spine Crawler  
  19  1:44  Zergling x2  
  21  1:50  Drone  
  22  2:01  Zergling x2  
  23  2:02  Metabolic Boost  
  23  2:14  Drone  
  24  2:19  Hatchery  
  23  2:36  Zergling x2  
  25  2:37  Zergling x2  
  25  2:52  Queen  
  25  2:55  Zergling x6  
  30  3:03  Spine Crawler  
  28  3:27  Evolution Chamber  
  27  3:36  Queen  
  29  3:54  Roach Warren, Queen  
  30  3:57  Zergling x12  
  30  3:58  Overlord  
  32  4:37  Drone x4  
  32  4:38  Drone x4  
  39  4:46  Lair  
  39  4:50  Extractor  
  36  5:00  Roach  
  36  5:01  Roach x3  
  44  5:19  Overlord x2  
  44  5:21  Zerg Missile Weapons Level 1  
  44  5:39  Drone  
  44  5:40  Drone x7  
  52  5:46  Glial Reconstitution  
  52  5:49  Drone  
  53  6:05  Overseer  
  53  6:07  Drone  
  53  6:08  Drone x6  
  60  6:12  Evolution Chamber  
  59  6:37  Overlord  
  59  6:41  Zerg Ground Armor Level 1  
  59  6:48  Ravager  
  60  7:02  Extractor  
  60  7:03  Extractor  
  58  7:16  Hatchery, Extractor  
  58  7:18  Spine Crawler  
  58  7:19  Extractor  
  58  7:20  Spine Crawler  
  53  7:22  Spine Crawler  
  53  7:23  Spine Crawler  
  51  7:46  Roach x8  
  51  7:47  Overlord x3  
  51  7:51  Ravager  
  61  8:08  Spire  
  60  8:17  Drone x9  
  69  8:35  Drone  
  69  8:36  Drone x4  
  74  8:51  Hatchery  
  74  8:52  Drone x6  
  74  8:53  Drone x2  
  81  8:59  Ravager x4  
  85  9:16  Zergling x2  
  86  9:17  Zergling x16  
  92  9:29  Mutalisk x2  
  97  9:44  Overlord x2  
  97  9:45  Overlord  
  97  9:46  Hatchery  
  96  9:54  Mutalisk  
  98  10:09  Spore Crawler, Mutalisk  
  98  10:10  Mutalisk x7  
  98  10:13  Zergling x6  
  116  10:36  Zergling x4  
  116  10:37  Zergling x8  
  122  10:49  Overlord x2  
Show
View Real Time Build Order
Export as new Build Order

SticklerMac Zerg 

Build Orders: Pool First 

Get SALT Encoding   

  12  0:00  Drone  
  13  0:07  Drone  
  13  0:13  Extractor  
  13  0:15  Drone  
  14  0:32  Spawning Pool  
  13  0:37  Drone  
  14  0:47  Overlord  
  14  1:06  Drone x3  
  17  1:19  Metabolic Boost  
  17  1:29  Queen  
  17  1:30  Zergling x2  
  17  1:32  Zergling x2  
  21  1:43  Zergling x2  
  22  1:54  Overlord  
  22  2:05  Hatchery  
  22  2:06  Zergling x2  
  22  2:12  Overlord  
  22  2:25  Zergling x2  
  22  2:42  Zergling x6  
  23  2:55  Zergling x2  
  24  3:05  Zergling x2  
  25  3:10  Drone x2  
  27  3:20  Queen  
  27  3:21  Zergling x2  
  27  3:22  Zergling x2  
  31  3:28  Hatchery  
  30  3:42  Zergling x10  
  30  3:46  Overlord  
  35  3:59  Overlord x2  
  35  4:10  Baneling Nest  
  33  4:26  Zergling x10  
  27  4:37  Zergling x6  
  28  4:54  Baneling  
  28  4:55  Baneling x3  
  28  4:56  Zergling x2  
  28  4:57  Zergling x4  
  28  5:06  Zergling x2  
  29  5:07  Zergling x2  
  29  5:08  Zergling x2  
  30  5:16  Drone x2  
  32  5:21  Drone  
  32  5:24  Drone  
  32  5:28  Drone  
  35  5:34  Drone  
  36  5:36  Drone  
  36  5:38  Drone  
  38  5:46  Drone x2  
  38  5:49  Drone  
  41  5:51  Drone  
  42  6:03  Drone x3  
  45  6:13  Drone x6  
  45  6:15  Drone  
  45  6:17  Drone  
  53  6:23  Extractor  
  52  6:25  Extractor  
  52  6:26  Drone x2  
  52  6:27  Drone  
  52  6:28  Extractor  
  52  6:30  Drone  
  52  6:31  Drone  
  55  6:43  Roach Warren  
  54  6:59  Queen  
  56  7:02  Drone  
  56  7:03  Drone  
  56  7:04  Overlord x4  
  56  7:05  Overlord x2  
  58  7:23  Hatchery  
  57  7:30  Roach  
  57  7:31  Roach x4  
  57  7:33  Roach  
  59  8:11  Roach  
  59  8:12  Roach x12  
  85  8:13  Roach  
  85  8:16  Roach  
  89  8:30  Lair  
  89  8:31  Zergling x2  
  90  8:35  Drone x2  
  90  8:36  Drone x4  
  90  8:37  Drone  
  97  8:42  Drone x2  
  97  8:43  Drone  
  97  8:45  Drone  
  97  8:46  Drone  
  102  8:49  Drone x2  
  104  9:02  Zergling x4  
  106  9:05  Roach x2  
  110  9:13  Overlord x3  
  110  9:14  Overlord x2  
  110  9:27  Evolution Chamber, Queen  
  110  9:28  Evolution Chamber  
  110  9:36  Glial Reconstitution  
  110  9:38  Zergling x2  
  110  9:39  Roach x3  
  110  9:40  Roach x5  
  127  9:51  Overseer  
  127  10:01  Drone x3  
  127  10:02  Drone x6  
  136  10:08  Roach x3  
  136  10:09  Roach  
  136  10:12  Roach  
  146  10:25  Roach  
  146  10:26  Roach  
  150  10:29  Overlord x4  
  150  10:30  Overlord  
  150  10:44  Overlord x3  
Tags
 
Add a new tag
Caveats
  • Supply blocks, unpowered buildings, or Contaminate may cause inaccurate times.
  • Supply counts are checked every 10 seconds.